 Dungeon Crawl Stone Soup version 0.27.1-1-g398f81649c (webtiles) character file.

Game seed: 15223882207578327378

43829 funkygono the Destroyer (level 14, 0/76 HPs)
             Began as a Gargoyle Fire Elementalist on Sept 14, 2021.
             Was an Elder of Vehumet.
             Slain by a death yak (17 damage)
             ... on level 5 of the Lair of Beasts on Sept 15, 2021.
             The game lasted 01:03:45 (24971 turns).

funkygono the Destroyer (GrFE)                     Turns: 24971, Time: 01:03:45

Health: 0/76       AC: 26    Str: 12    XL:     14   Next: 26%
Magic:  3/30       EV: 11    Int: 21    God:    Vehumet [****..]
Gold:   980        SH:  5    Dex:  7    Spells: 5/37 levels left

rFire    . . .     SeeInvis +   I - +1 demon whip
rCold    . . .     Faith    .   (no shield)
rNeg     + + .     Spirit   .   J - +4 acid dragon scales
rPois    ∞         Reflect  +   g - +1 helmet of Juer {+Blink rN+ Regen+ Dex-3}
rElec    +         Harm     .   (no cloak)
rCorr    +         Rampage  .   (no gloves)
Will     ++...                  t - +2 pair of boots
Stlth    +.........             x - amulet of reflection
HPRegen  1.22/turn              y - ring of willpower
MPRegen  0.22/turn              b - ring of see invisible

@: flying
A: sickness immunity, AC +10, big wings, negative energy resistance 1,
electricity resistance, torment resistance 1, petrification resistance
a: Renounce Religion, Evoke Blink


You were on level 5 of the Lair of Beasts.
You worshipped Vehumet.
Vehumet was greatly pleased with you.
You visited 3 branches of the dungeon, and saw 19 of its levels.

You collected 1460 gold pieces.
You spent 480 gold pieces at shops.

Inventory:

Hand Weapons
 p - a +3 vorpal flail
 D - a +5 flail
 I - a +1 demon whip (weapon)
Armour
 e - a +2 helmet
 g - the +1 helmet of Juer (worn) {+Blink rN+ Regen+ Dex-3}
   (You acquired it on level 2 of the Dungeon)

   Dex:       It affects your dexterity (-3).
   rN:        It protects you from negative energy.
   +Blink:    It lets you blink.
   Regen:     It increases your rate of health regeneration.
 t - a +2 pair of boots (worn)
 z - +0 steam dragon scales
 F - a +2 robe of resistance
 J - +4 acid dragon scales (worn)
 P - the +2 leather armour of Enlaat {Harm rElec Dex+4 Slay+2}
   (You found it on level 2 of the Lair of Beasts)

   Dex:       It affects your dexterity (+4).
   Slay:      It affects your accuracy & damage with ranged weapons and melee
   (+2).
   rElec:     It insulates you from electricity.
   Harm:      It increases damage dealt and taken.
Magical Staves
 d - a staff of death
 H - a staff of conjuration
Jewellery
 b - a ring of see invisible (right hand)
 q - a ring of positive energy
 s - a ring of flight
 x - an amulet of reflection (around neck)
 y - a ring of willpower (left hand)
 C - the ring of the Twelve Deaths {Ice Slay+2}
   (You found it on level 5 of the Lair of Beasts)

   [ring of ice]

   It enhances your ice magic.
   Slay:      It affects your accuracy & damage with ranged weapons and melee
   (+2).
   rF:        It makes you vulnerable to fire.
   rC:        It protects you from cold.
 G - a +6 ring of intelligence
 M - a ring of fire
Wands
 f - a wand of paralysis (16)
 l - a wand of iceblast (32)
 w - a wand of digging (3)
 A - a wand of acid (5)
 L - a wand of flame (45)
Scrolls
 a - 3 scrolls of teleportation
 h - a scroll of amnesia
 u - a scroll of fog
 B - 2 scrolls of identify
Potions
 c - 5 potions of might
 i - 4 potions of flight
 j - a potion of heal wounds
 k - 3 potions of resistance
 m - 2 potions of attraction
 n - 4 potions of mutation
 o - a potion of lignification {unknown}
 r - 4 potions of curing
 v - a potion of berserk rage {unknown}
 E - a potion of cancellation {unknown}
 K - 2 potions of haste {unknown}
 N - 7 potions of ambrosia
 S - a potion of brilliance {unknown}


   Skills:
 + Level 4.3 Fighting
 + Level 5.6 Maces & Flails
 + Level 3.2 Armour
 + Level 4.3 Dodging
 - Level 2.1 Stealth
 + Level 2.7 Shields
 * Level 12.1 Spellcasting
 * Level 12.3 Conjurations
 * Level 11.6 Fire Magic
 * Level 5.5 Air Magic
 * Level 6.9 Earth Magic


You had 5 spell levels left.
You knew the following spells:

 Your Spells              Type           Power      Damage    Failure   Level
a - Foxfire               Conj/Fire      100%       2x1d9     1%          1
b - Conjure Flame         Conj/Fire      59%        6-21      1%          3
c - Sticky Flame          Conj/Fire      59%        2d7       1%          4
d - Fireball              Conj/Fire      29%        3d13      1%          5
e - Bolt of Magma         Conj/Fire/Erth 27%        4d13      1%          5
f - Stone Arrow           Conj/Erth      100%       3d13      1%          3
g - Static Discharge      Conj/Air       50%        N/A       1%          2
h - Airstrike             Air            18%        N/A       2%          4
i - Lightning Bolt        Conj/Air       25%        1d41      1%          5

Your spell library contained the following spells:

 Spells                   Type           Power      Damage    Failure   Level
 Poisonous Vapours        Pois/Air       48%        N/A       1%          2
 Inner Flame              Hex/Fire       37%        N/A       1%          3
 Corpse Rot               Necr/Air       N/A        N/A       3%          2
 Freezing Cloud           Conj/Ice/Air   18%        6-21      5%          5
 Summon Small Mammal      Summ           48%        N/A       8%          1
 Call Canine Familiar     Summ           12%        N/A       22%         3
 Summon Guardian Golem    Hex/Summ       12%        N/A       22%         3
 Cause Fear               Hex            6%         N/A       58%         4
 Orb of Destruction       Conj           29%        9d11      11%         7
 Spellforged Servitor     Conj/Summ      19%        N/A       75%         7
 Dragon Form              Tmut           6%         N/A       100%        7
 Malign Gateway           Summ/Tloc      6%         N/A       100%        7
 Summon Horrible Things   Summ           6%         N/A       100%        8
 Dragon's Call            Summ           6%         N/A       100%        9
 Shatter                  Erth           20%        3d18*     100%        9


Dungeon Overview and Level Annotations

Branches:
Dungeon (13/15)            Temple (1/1) D:7            Lair (5/6) D:11
 Shoals (0/4) Lair:4       Spider (0/4) Lair:4          Orc (0/2) D:10
  Slime: Lair:5-6    Vaults: D:13-14

Altars:
Ashenzari
Cheibriados
Dithmenos
Elyvilon
Fedhas
Gozag
Hepliaklqana
Kikubaaqudgha
Makhleb
Nemelex Xobeh
Okawaru
Qazlal
Ru
Sif Muna
Trog
Uskayaw
Vehumet
Wu Jian
Xom
Yredelemnul
Zin
The Shining One

Shops:
D:1 *   D:2 :   D:9 (

Annotations:
D:11 1 runed translucent door, Lordstoney's ghost, journeyman HuFi


Innate Abilities, Weirdness & Mutations

You are immune to sickness and miasma.
Your stone body is resilient. (AC +10)
You are immune to poison.
Your large and strong wings let you fly.
You resist negative energy. (rN+)
You are resistant to electric shocks. (rElec)
You are resistant to unholy torment.
You are immune to petrification.


Message History

The death yak is heavily wounded.
The death yak burns!
The death yak gores you but does no damage.
You block the death yak's attack.
Casting: Sticky Flame (safe; 1% risk of failure)
Confirm with . or Enter, or press ? or * to list all spells.
Aiming: Sticky Flame (safe; 1% risk of failure)
Press: ? - help, Shift-Dir - straight line, f - death yak, p - death yak
Aim: a death yak (lightly wounded, 100% to hit)
The sticky flame hits the death yak but does no damage.
The death yak is lightly wounded.
The death yak is covered in liquid flames!
The death yak burns! x2; The death yak gores you!
The death yak gores you but does no damage.
You hit the death yak.
The death yak is severely wounded.
The death yak gores you! The death yak completely misses you.
You hit the death yak but do no damage.
The death yak is severely wounded.
The death yak burns! x2; The death yak barely misses you.
You whack the death yak!
The death yak is severely wounded.
The death yak burns! x2; The death yak stops burning.
The death yak completely misses you. The death yak gores you!
You hit the death yak.
The death yak is almost dead.
The death yak burns!
The death yak stops burning.
The death yak gores you. The death yak gores you!
* * * LOW HITPOINT WARNING * * *
Casting: Sticky Flame (safe; 1% risk of failure)
Confirm with . or Enter, or press ? or * to list all spells.
You don't have enough magic to cast this spell.
The death yak gores you!
* * * LOW HITPOINT WARNING * * *
The death yak gores you.
* * * LOW HITPOINT WARNING * * *
You feel much better. The death yak gores you!!
* * * LOW HITPOINT WARNING * * *
The death yak gores you!
You die...

##### ##...# ### ##...## #P...#
#.##### #.....###....##
###..##.### ## #.#..###......#
#.P.....##. .########.P#
##.....###........#†
...#P#.#P.####.#.....P..........†
...........#.##.............#..#.
............#..Y..........#..####
........>......Y@........##### #
.#.#.....................###.####
..##.##..P.#.##..........#...#..#
#.###......####.#...........#..#.
.....#..#.## ####...............
.......#### ###......#.#....
.......## ###..........##.
...#....#### ###........##.####
..####...#P#####............####


You could see 2 death yaks.

Vanquished Creatures
  Gastronok (Lair:2)
  Harold (D:7)
  A boulder beetle (Lair:3)
  4 hydras
  A centaur warrior (D:11)
  Erica (Lair:2)
  A two-headed ogre (D:10)
  3 death yaks (Lair:5)
  Urug (Lair:1)
  A necromancer (Lair:3)
  2 cyclopes (D:11)
  8 oklob plants
  3 merfolk sirens (Lair:4)
  2 black mambas
  8 cane toads
  2 gargoyles
  A rime drake (Lair:2)
  A torpor snail (Lair:4)
  An unseen horror (D:12)
  4 komodo dragons
  Psyche (D:8)
  A merfolk (Lair:4)
  2 polar bears (Lair:4)
  A queen bee (Lair:5)
  A jumping spider (Lair:4)
  3 meliai (Lair:5)
  A troll (D:11)
  Prince Ribbit (D:7)
  8 blink frogs (Lair:4)
  4 water elementals (D:11)
  2 shadows
  4 wyverns
  Eustachio (D:6)
  2 wraiths
  52 yaks
  2 basilisks
  3 steam dragons
  3 vampire mosquitoes (D:11)
  Menkaure (D:7)
  Duvessa (D:4)
  12 water moccasins
  2 acid dragons
  A swamp drake (D:10)
  4 orc warriors
  A floating eye (Lair:2)
  2 ice beasts
  2 black bears
  2 necrophages (D:6)
  A hornet zombie (D:6)
  8 wolves
  An ogre (D:5)
  3 centaurs
  A kobold brigand (D:9)
  13 bullfrogs
  Dowan (D:4)
  3 gnoll sergeants
  5 scorpions
  27 killer bees
  4 wights (D:7)
  5 howler monkeys
  3 jellies
  3 centaur zombies
  7 hounds
  2 gnoll shamans
  6 orc priests
  Jessica (D:3)
  Natasha (thrice) (D:1)
  8 orc wizards
  A scorpion zombie (D:5)
  2 iguanas (D:5)
  2 polar bear simulacra (Lair:3)
  5 hell rats (Lair:1)
  A statue (D:6)
  2 wolf simulacra (Lair:3)
  A yak simulacrum (Lair:3)
  10 adders
  25 gnolls
  13 white imps
  An adder zombie (D:5)
  An adder skeleton (D:4)
  3 worms (D:3)
  3 dart slugs
  61 orcs
  6 ball pythons
  5 endoplasms
  5 giant cockroaches
  9 goblins
  2 hobgoblins (D:2)
  4 jackals
  A quokka (D:3)
  4 bats
  5 frilled lizards
  18 kobolds
  6 rats
  6 river rat simulacra (Lair:3)
  3 bushes (Lair:2)
477 creatures vanquished.

Vanquished Creatures (collateral kills)
  8 foxfires
8 creatures vanquished.

Vanquished Creatures (others)
  A vampire (D:10)
  1761 foxfires
  25 fungi
  34 plants
1821 creatures vanquished.

Grand Total: 2306 creatures vanquished

Notes
Turn   | Place    | Note
-------+----------+-------------------------------------------
     0 | D:1      | funkygono the Gargoyle Fire Elementalist began the quest
                  | for the Orb.
     0 | D:1      | Reached XP level 1. HP: 10/10 MP: 3/3
   301 | D:1      | Reached XP level 2. HP: 15/15 MP: 1/5
   523 | D:1      | Found Peewung's General Store.
  1081 | D:2      | Reached XP level 3. HP: 19/19 MP: 2/6
  1087 | D:2      | Learned a level 3 spell: Conjure Flame
  1213 | D:2      | Noticed Natasha
  1254 | D:1      | Killed Natasha
  1255 | D:1      | Reached XP level 4. HP: 12/24 MP: 1/8
  1404 | D:1      | Noticed Natasha
  1412 | D:1      | Killed Natasha
  2274 | D:1      | Noticed Natasha
  2281 | D:1      | Killed Natasha
  2282 | D:1      | Reached XP level 5. HP: 24/28 MP: 4/10
  2695 | D:2      | Found Jegum's Book Boutique.
  3018 | D:2      | Learned a level 4 spell: Sticky Flame
  3019 | D:2      | Identified a scroll of acquirement
  3202 | D:3      | Noticed a black bear
  3212 | D:3      | Killed a black bear
  3213 | D:3      | Reached XP level 6. HP: 32/32 MP: 2/11
  3377 | D:3      | Noticed Jessica
  3382 | D:3      | Killed Jessica
  4036 | D:3      | Found a faded altar of an unknown god.
  4036 | D:3      | Noticed a Brimstone Fiend
  4357 | D:3      | Learned a level 5 spell: Fireball
  4409 | D:4      | Reached XP level 7. HP: 37/37 MP: 6/13
  4918 | D:4      | Noticed Duvessa
  4918 | D:4      | Noticed Dowan
  5476 | D:4      | Reached skill level 5 in Spellcasting
  5476 | D:4      | Reached skill level 5 in Fire Magic
  5842 | D:4      | Found a stormy altar of Qazlal.
  5842 | D:4      | Found a glowing silver altar of Zin.
  5906 | D:4      | Killed Duvessa
  5915 | D:4      | Killed Dowan
  5916 | D:4      | Reached XP level 8. HP: 28/42 MP: 9/16
  6096 | D:4      | Acquired the +1 helmet of Juer {+Blink rN+ Regen+ Dex-3}
  6144 | D:5      | Entered Level 5 of the Dungeon
  6375 | D:5      | Reached skill level 5 in Conjurations
  6389 | D:5      | Reached skill level 1 in Fighting
  6922 | D:5      | Found a hazy altar of Hepliaklqana.
  7194 | D:5      | Reached skill level 1 in Maces & Flails
  7245 | D:5      | Found an ornate altar of the Wu Jian Council.
  7373 | D:5      | Reached XP level 9. HP: 44/47 MP: 13/18
  7604 | D:5      | Noticed a +0 dagger
  7606 | D:5      | Noticed a +0 falchion
  7606 | D:5      | Noticed a +0 falchion
  7607 | D:5      | Noticed a +0 spear
  7607 | D:5      | Noticed a +0 short sword
  7607 | D:5      | Noticed a +0 short sword
  7608 | D:5      | Noticed a +0 spear
  7608 | D:5      | Noticed a +0 dagger
  7610 | D:5      | Found a hide-covered altar of Uskayaw.
  7667 | D:5      | Found a snail-covered altar of Cheibriados.
  8413 | D:6      | Found a radiant altar of Vehumet.
  8452 | D:6      | Noticed Eustachio
  8459 | D:6      | Killed Eustachio
  9333 | D:7      | Noticed Prince Ribbit
  9343 | D:7      | Killed Prince Ribbit
  9582 | D:7      | Noticed Menkaure
  9593 | D:7      | Killed Menkaure
  9803 | D:7      | Noticed Harold
  9827 | D:7      | Killed Harold
  9828 | D:7      | Reached skill level 1 in Shields
  9828 | D:7      | Reached XP level 10. HP: 13/52 MP: 2/22
  9985 | D:7      | Found a staircase to the Ecumenical Temple.
  9996 | Temple   | Entered the Ecumenical Temple
 10942 | D:6      | Became a worshipper of Vehumet
 11238 | D:8      | Found a blossoming altar of Fedhas.
 11313 | D:8      | Noticed Psyche
 11322 | D:8      | Killed Psyche
 11732 | D:8      | Found a shimmering blue altar of Sif Muna.
 12286 | D:9      | Found Fiten's Antique Weapon Shoppe.
 12381 | D:9      | Noticed a gargoyle
 12387 | D:9      | Killed a gargoyle
 12565 | D:10     | Entered Level 10 of the Dungeon
 12603 | D:10     | Reached * piety under Vehumet
 12603 | D:10     | Offered knowledge of Sandblast by Vehumet.
 13448 | D:10     | Reached ** piety under Vehumet
 13528 | D:10     | Offered knowledge of Static Discharge by Vehumet.
 13532 | D:10     | Learned a level 2 spell: Static Discharge
 13590 | D:10     | You fall into a shaft and drop 3 floors!
 13621 | D:12     | Reached XP level 11. HP: 39/58 MP: 19/24
 14146 | D:10     | Found a staircase to the Orcish Mines.
 14753 | D:11     | Noticed a two-headed ogre
 14764 | D:10     | Killed a two-headed ogre
 14813 | D:11     | Noticed a cyclops
 14821 | D:11     | Killed a cyclops
 14822 | D:11     | Reached skill level 10 in Conjurations
 14824 | D:11     | Noticed a centaur warrior
 14832 | D:11     | Killed a centaur warrior
 14833 | D:11     | Reached skill level 1 in Air Magic
 15041 | D:11     | Reached skill level 10 in Spellcasting
 15182 | D:11     | Found a runed translucent door.
 15183 | D:11     | Noticed an ettin
 15184 | D:11     | Noticed Lordstoney's ghost (journeyman HuFi)
 15190 | D:11     | Noticed a cyclops
 15198 | D:11     | Killed a cyclops
 15464 | D:11     | Found a staircase to the Lair.
 15667 | D:11     | Offered knowledge of Frozen Ramparts by Vehumet.
 15989 | D:2      | Bought a book of the Earth for 480 gold pieces
 15994 | D:2      | Learned a level 3 spell: Stone Arrow
 16000 | D:2      | Learned a level 5 spell: Bolt of Magma
 16167 | Lair:1   | Entered Level 1 of the Lair of Beasts
 16392 | Lair:1   | Reached skill level 1 in Earth Magic
 16527 | Lair:1   | Reached skill level 10 in Fire Magic
 16566 | D:11     | Reached *** piety under Vehumet
 16693 | Lair:1   | Reached XP level 12. HP: 56/64 MP: 16/26
 16733 | Lair:1   | Noticed Urug
 16753 | Lair:1   | Killed Urug
 16981 | Lair:1   | Offered knowledge of Airstrike by Vehumet.
 17746 | Lair:1   | Learned a level 4 spell: Airstrike
 17848 | Lair:2   | Identified the +2 leather armour of Enlaat {Harm rElec
                  | Dex+4 Slay+2}
 17894 | Lair:2   | Reached **** piety under Vehumet
 17977 | Lair:2   | Paralysed by a floating eye for 2 turns
 18221 | Lair:2   | Reached skill level 1 in Armour
 18370 | Lair:2   | Noticed Gastronok
 18405 | Lair:2   | Killed Gastronok
 18573 | Lair:2   | Noticed Erica
 18581 | Lair:2   | Killed Erica
 18935 | Lair:2   | Noticed a five-headed hydra
 18939 | Lair:2   | Killed a five-headed hydra
 19301 | Lair:3   | Noticed a boulder beetle
 19347 | Lair:3   | Killed a boulder beetle
 19544 | Lair:3   | Reached XP level 13. HP: 70/70 MP: 17/28
 19579 | Lair:3   | Offered knowledge of Iskenderun's Battlesphere by Vehumet.
 20650 | Lair:3   | Reached skill level 5 in Earth Magic
 21680 | Lair:4   | Reached ***** piety under Vehumet
 21906 | Lair:4   | Found a staircase to the Shoals.
 21948 | Lair:4   | Offered knowledge of Lightning Bolt by Vehumet.
 22026 | Lair:4   | Learned a level 5 spell: Lightning Bolt
 22283 | Lair:4   | Reached skill level 5 in Maces & Flails
 22453 | Lair:4   | Reached skill level 5 in Air Magic
 22964 | Lair:4   | Found a hole to the Spider Nest.
 23317 | Lair:5   | Identified the ring of the Twelve Deaths {Ice Slay+2}
 23422 | Lair:5   | Gained mutation: Your large and strong wings let you fly.
                  | [Gargoyle growth]
 23422 | Lair:5   | Reached XP level 14. HP: 76/76 MP: 25/29
 24971 | Lair:5   | Slain by a death yak

Illustrated notes

Levels and vault maps discovered:
D:1:      heliophobic_arrival_henge, layout_loops_corners, serial_shops,
          nicolae_shop_crystal, serial_park_tiny_1
D:2:      layout_basic, serial_shops, shop, uniq_natasha
D:3:      layout_loops_cross, dreamdust_ecumenical_altar_sealed_demon,
          hex_medium, minmay_joined_circles, uniq_jessica
D:4:      layout_cave_pools, amethyst_overflow_temple_binary,
          nicolae_zen_rock_garden, uniq_duvessa
D:5:      layout_loops_cross, mainiacjoe_overflow_24_doors,
          general_overflow_altar, mainiacjoe_overflow_surrounded_room,
          nicolae_uskayaw_en_pointe, nrook_pool_corridor,
          minmay_fractal_squares_5
D:6:      layout_loops_corners, vehumet_statue, uniq_eustachio
D:7:      layout_basic, minmay_temple_entry_ruins, uniq_prince_ribbit1,
          uniq_harold, uniq_menkaure
D:8:      layout_cave_pools, lemuel_round_altar, lemuel_tele_altar, uniq_psyche
D:9:      layout_cave_pools, serial_shops, nicolae_stop_n_shop_2,
          minmay_misc_feat_plants
D:10:     layout_roguey [special_room_orc], erik_orc_1, lemuel_flame_loot_1
D:11:     layout_irregular_city, lair_entry_dummy, ebering_ghost_inner_flame,
          nicolae_underground_beach
D:12:     minmay_razor_zed, layout_irregular_city, grunt_gozag_breadcrumbs
D:13:     layout_loops_ring, lightli_vaults_fourway_checkpoint
Temple:   nicolae_temple_god_jail
Lair:1:   layout_cave_pods, portal_ice_cave_entry_imps, uniq_urug
Lair:2:   layout_hall_layers, disabler_island, uniq_gastronok, uniq_erica
Lair:3:   layout_regular_city, eino_house_with_fridge,
          minmay_lair_oklob_chamber, infiniplex_staircase_pool_2
Lair:4:   layout_roguey, elwin_shoals_entry_stream,
          spider_nest_entry_funnel_web, grunt_megastairs_2
Lair:5:   layout_layer_cave, special_room [special_room_bee]

Skill      XL: |  1  2  3  4  5  6  7  8  9 10 11 12 13 14 |
---------------+-------------------------------------------+-----
Spellcasting   | 3 4 5 6 8 9 10 11 12 | 12.1
Fire Magic     | 4 5 6 7 8 10 11 | 11.6
Dodging        | 2 3 4 |  4.3
Conjurations   | 2 3 4 6 8 9 10 11 12 | 12.3
Fighting       | 1 2 3 4 |  4.3
Maces & Flails | 1 2 4 5 |  5.6
Shields        | 1 2 |  2.7
Air Magic      | 2 3 5 |  5.5
Earth Magic    | 1 4 6 |  6.9
Armour         | 1 3 |  3.2
Stealth        | |  2.1

Action                   |  1- 3 |  4- 6 |  7- 9 | 10-12 | 13-15 || total
-------------------------+-------+-------+-------+-------+-------++-------
Melee: Whip              |     5 |    20 |    43 |     1 |       ||    69
       Demon whip        |       |       |       |   230 |   270 ||   500
       Flail             |       |       |       |     6 |       ||     6
 Cast: Foxfire           |    42 |   110 |   275 |   477 |   142 ||  1046
       Sticky Flame      |       |       |    20 |    44 |    33 ||    97
       Conjure Flame     |       |       |     5 |     2 |     1 ||     8
       Fireball          |       |       |       |    21 |     6 ||    27
       Static Discharge  |       |       |       |     6 |     1 ||     7
       Stone Arrow       |       |       |       |    21 |   102 ||   123
       Bolt of Magma     |       |       |       |    20 |    41 ||    61
       Lightning Bolt    |       |       |       |       |     8 ||     8
       Airstrike         |       |       |       |       |     1 ||     1
  Use: Scroll            |     1 |     5 |     7 |    13 |     3 ||    29
       Potion            |       |       |     1 |     2 |     2 ||     5
 Stab: Sleeping          |       |     1 |       |       |       ||     1
Armor: Robe              |    14 |    17 |    47 |   102 |       ||   180
       Acid dragon scale |       |       |       |    78 |   254 ||   332
Dodge: Dodged            |    28 |    28 |    72 |   177 |   232 ||   537
Block: Other             |       |       |     7 |    84 |   100 ||   191
       Reflection        |       |       |     1 |     3 |     1 ||     5
